 Dungeon Crawl Stone Soup version 0.26-b1-45-g23770d1d51 (webtiles) character file.

Game seed: 3296612445099591302

2501 teolandon225 the Cleaver (level 9, -1/76 (80) HPs)
             Began as a Minotaur Berserker on Jan 7, 2021.
             Was a High Priest of Trog.
             Slain by an orc wizard
             ... wielding a +0 dagger
              (2 damage)
             ... on level 7 of the Dungeon.
             The game lasted 00:12:04 (7212 turns).

teolandon225 the Cleaver (Minotaur Berserker)       Turns: 7212, Time: 00:12:05

HP:   -1/76 (80)    AC:  4    Str: 25    XL:     9   Next: 28%
MP:   8/8           EV: 14    Int: 10    God:    Trog [*****.]
Gold: 368           SH:  0    Dex: 10    Spells: 8/8 levels left

rFire    . . .     SeeInvis .   a - +0 hand axe
rCold    . . .     Faith    .   (no shield)
rNeg     . . .     Spirit   .   t - +1 leather armour {rPois}
rPois    +         Reflect  .   (helmet restricted)
rElec    .         Harm     .   (no cloak)
rCorr    .         Rampage  .   (no gloves)
Will     .....                  (no boots)
Stlth    +.........             n - amulet of the acrobat
HPRegen  0.22/turn              i - +6 ring of intelligence
MPRegen  0.11/turn              (no ring)

@: berserk cooldown, slowed, drained, very slow
A: retaliatory headbutt, horns 2
a: Renounce Religion, Berserk, Trog's Hand, Brothers in Arms


You were on level 7 of the Dungeon.
You worshipped Trog.
Trog was extremely pleased with you.
You visited 1 branch of the dungeon, and saw 7 of its levels.
You also visited: Ossuary.

You collected 368 gold pieces.

Inventory:

Hand Weapons
 a - a +0 hand axe (weapon)
Armour
 b - a +0 animal skin
 p - a +1 chain mail
 t - a +1 leather armour of poison resistance (worn)
 x - the +1 robe "Beshro Kyweo" {Rampage rC+ SInv}
   (You took it off a wight on level 6 of the Dungeon)

   It protects you from cold.
   It lets you see invisible.
   It bestows one free step when moving towards enemies.
Jewellery
 i - a +6 ring of intelligence (left hand)
 m - an uncursed amulet of magic regeneration
 n - an amulet of the acrobat (around neck)
Wands
 h - a wand of acid (15)
 v - a wand of random effects (27)
Scrolls
 c - 2 scrolls of magic mapping
 f - 6 scrolls of remove curse
 l - 3 scrolls of enchant armour
Potions
 e - 4 potions of flight
 g - 3 potions of berserk rage
 j - 2 potions of mutation
 k - 3 potions of lignification
 o - a potion of attraction
 q - a potion of curing
 r - a potion of cancellation {unknown}
 s - a potion of haste {unknown}
 u - a potion of resistance {unknown}
 w - a potion of experience {unknown}


   Skills:
 + Level 7.7 Fighting
 * Level 10.2 Axes
 + Level 7.1 Armour
 + Level 6.4 Dodging


You had 8 spell levels left.
You didn't know any spells.
Your spell library was empty.

Dungeon Overview and Level Annotations

Branches:
Dungeon (7/15)             Temple (0/1) D:4         Ossuary (visited)

Altars:
Fedhas
Nemelex Xobeh

Shops:
D:5 (

Annotations:
D:5 exclusion: 2 downstairs
D:7 1 runed translucent door


Innate Abilities, Weirdness & Mutations

You reflexively headbutt those who attack you in melee.
You have a pair of horns on your head.


Message History

The orc wizard hits you but does no damage.
Something hits you.
* * * LOW HITPOINT WARNING * * *
You feel better.
The orc wizard points at you and mumbles some strange words.
You easily resist.
The orc warrior hits you with a +0 battleaxe!
* * * LOW HITPOINT WARNING * * *
Something hits you but does no damage.
The orc wizard gestures at you while chanting.
You easily resist.
You feel better.
The orc warrior hits you with a +0 battleaxe.
* * * LOW HITPOINT WARNING * * *
Something hits you.
* * * LOW HITPOINT WARNING * * *
The orc wizard hits you with a +0 dagger.
* * * LOW HITPOINT WARNING * * *
Something hits you.
You die...

.....### #............
$......#####............
...........#............
#.#....#...............
#....####............
#....................
#....................
#..)o......##########
#."{@......#
#..o######.# #...# #.#
#.... ....... #.###....
#.#3#..... #.#+#..o...


You could see a sixfirhy, an orc warrior and an orc wizard.

Vanquished Creatures
  Menkaure (D:6)
  A water moccasin (D:5)
  An ice beast (D:5)
  A phantom (D:2)
  A centaur (D:5)
  4 ogres
  An elf zombie (D:4)
  A bullfrog (D:6)
  2 elf skeletons (D:4)
  A scorpion (D:6)
  2 howler monkeys (D:6)
  A bullfrog zombie (D:6)
  A centaur zombie (Ossuary)
  A jelly (D:6)
  A hound (D:4)
  5 human zombies
  5 orc wizards
  A centaur skeleton (D:5)
  A gnoll shaman (D:4)
  3 human skeletons (D:4)
  4 worker ants
  3 big kobold zombies (Ossuary)
  A hound skeleton (D:6)
  3 mummies (Ossuary)
  Robin (D:4)
  A worker ant zombie (D:5)
  6 adders
  5 gnolls (D:4)
  A white imp (D:4)
  2 ufetubi
  4 oozes
  6 adder zombies
  2 worms (D:3)
  4 dart slugs
  5 leopard geckos
  16 orcs
  4 giant cockroaches
  A gnoll zombie (Ossuary)
  14 hobgoblins
  6 jackals
  10 kobolds
  3 quokkas (D:3)
  A ball python (D:2)
  2 bats
  3 frilled lizards
  A giant cockroach zombie (D:6)
  11 goblins
  2 goblin zombies (Ossuary)
  3 hobgoblin zombies (Ossuary)
  A jackal skeleton (D:4)
  3 jackal zombies (Ossuary)
  4 kobold zombies (Ossuary)
  A leopard gecko zombie (D:5)
  3 orc skeletons (D:4)
  3 orc zombies (Ossuary)
  4 quokka zombies (Ossuary)
  7 rats
  5 rat zombies (Ossuary)
191 creatures vanquished.

Vanquished Creatures (collateral kills)
  Grinder (D:6)
  3 wights (D:6)
4 creatures vanquished.

Vanquished Creatures (others)
  5 fungi (D:5)
  3 plants (D:5)
8 creatures vanquished.

Grand Total: 203 creatures vanquished

Notes
Turn   | Place    | Note
-------+----------+-------------------------------------------
     0 | D:1      | teolandon225 the Minotaur Berserker began the quest for the
                  | Orb.
     0 | D:1      | Reached XP level 1. HP: 19/19 MP: 0/0
   242 | D:1      | Reached XP level 2. HP: 27/27 MP: 1/1
   310 | D:1      | Reached skill level 4 in Axes
   567 | D:1      | Reached ** piety under Trog
   837 | D:2      | Reached XP level 3. HP: 33/33 MP: 2/2
  1336 | D:2      | Noticed a phantom
  1345 | D:2      | Killed a phantom
  1346 | D:2      | Reached skill level 5 in Axes
  1346 | D:2      | Reached XP level 4. HP: 41/41 MP: 3/3
  1346 | D:2      | Reached XP level 5. HP: 47/47 MP: 4/4
  2630 | D:4      | Reached *** piety under Trog
  2637 | D:4      | Noticed Robin
  2649 | D:4      | Killed Robin
  2844 | D:4      | Noticed an ogre
  2864 | D:4      | HP: 2/70 [ogre/+0 giant club (17)]
  2866 | D:4      | Killed an ogre
  2867 | D:4      | Reached skill level 5 in Fighting
  2867 | D:4      | Reached skill level 6 in Axes
  2867 | D:4      | Reached XP level 6. HP: 3/56 MP: 5/5
  3076 | D:4      | Found a sand-covered staircase.
  3085 | Ossuary  | Entered an ossuary
  3280 | Ossuary  | Reached XP level 7. HP: 45/61 MP: 6/6
  3588 | Ossuary  | Reached **** piety under Trog
  3589 | Ossuary  | Reached skill level 7 in Axes
  3747 | D:4      | Reached skill level 5 in Armour
  4012 | D:4      | Found a staircase to the Ecumenical Temple.
  4242 | D:4      | Reached XP level 8. HP: 70/70 MP: 7/7
  4250 | D:4      | Reached skill level 8 in Axes
  4250 | D:4      | Reached skill level 5 in Dodging
  4695 | D:5      | Entered Level 5 of the Dungeon
  4797 | D:5      | Identified the Disquisition on Creative Transmutation
  4953 | D:5      | Found Miyrhiot's Weapon Emporium.
  5570 | D:5      | Reached skill level 9 in Axes
  5723 | D:5      | Found a blossoming altar of Fedhas.
  6155 | D:6      | Found a sparkling altar of Nemelex Xobeh.
  6161 | D:6      | Reached ***** piety under Trog
  6343 | D:6      | Noticed Grinder
  6345 | D:6      | Identified the +1 robe "Beshro Kyweo" {Rampage rC+ SInv}
  6345 | D:6      | Noticed Menkaure
  6351 | D:6      | Killed Grinder
  6352 | D:6      | Reached XP level 9. HP: 63/79 MP: 8/8
  6357 | D:6      | Killed Menkaure
  6385 | D:5      | Reached skill level 10 in Axes
  7186 | D:7      | Noticed a sixfirhy
  7190 | D:7      | Found a runed translucent door.
  7210 | D:7      | HP: 3/76 [orc warrior/+0 battleaxe (18)]
  7210 | D:7      | HP: 1/76 [something (2)]
  7212 | D:7      | Slain by an orc wizard

Illustrated notes

Levels and vault maps discovered:
D:1:      minmay_arrival_split_and_join, layout_rooms
D:2:      layout_basic, serial_park_tiny_1
D:3:      layout_basic
D:4:      layout_cave_pods, minmay_temple_entry_fiery,
          nicolae_ossuary_entry_catacombs, uniq_robin
D:5:      layout_loops_corners, serial_shops, kennysheep_mini, fedhas_altar_3
D:6:      layout_cave_pools, nemelex_xobeh_ov_fountains_minmay, uniq_menkaure,
          uniq_grinder
D:7:      cheibrodos_shockbox, layout_basic, uniq_duvessa

Skill      XL: |  1  2  3  4  5  6  7  8  9 |
---------------+----------------------------+-----
Axes           | 4 5 6 7 9 10 | 10.2
Fighting       | 4 5 6 7 |  7.7
Armour         | 3 4 5 6 7 |  7.1
Dodging        | 3 4 6 |  6.4

Action                   |  1- 3 |  4- 6 |  7- 9 || total
-------------------------+-------+-------+-------++-------
Melee: Hand axe          |    69 |   136 |   308 ||   513
       Headbutt          |     9 |    33 |    58 ||   100
Invok: Berserk           |     2 |     4 |    10 ||    16
       Trog's Hand       |       |     1 |     1 ||     2
       Brothers in Arms  |       |       |     1 ||     1
  Use: Scroll            |       |     6 |     9 ||    15
       Potion            |       |       |     5 ||     5
 Stab: Sleeping          |       |     1 |       ||     1
Armor: Animal skin       |    10 |     4 |       ||    14
       Chain mail        |       |    43 |    64 ||   107
       Leather armour    |       |       |    19 ||    19
Dodge: Dodged            |    49 |    79 |   150 ||   278
